 Dungeon Crawl Stone Soup version 0.30.1-9-gdf580d7c3d (webtiles) character file.

Game seed: 17529312075087874339

63 lonewolfV2 the Trooper (level 4, -2/37 HPs)
             Began as a Formicid Berserker on Oct 25, 2023.
             Was a Believer of Trog.
             Slain by an iguana (4 damage)
             ... on level 2 of the Dungeon.
             The game lasted 00:01:57 (1578 turns).

lonewolfV2 the Trooper (Formicid Berserker)         Turns: 1578, Time: 00:01:57

Health: -2/37      AC:  3    Str: 23    XL:     4   Next: 30%
Magic:  4/4        EV: 12    Int:  7    God:    Trog [**....]
Gold:   127        SH:  0    Dex: 13    Spells: 3/3 levels left

rFire   . . .        f - +0 hand axe (heavy)
rCold   . . .        (no shield)
rNeg    . . .        b - +1 animal skin
rPois   .            (helmet unavailable)
rElec   .            (no cloak)
rCorr   .            (no gloves)
SInv    +            (no boots)
Will    .....        (no amulet)
Stlth   +            (no ring)
HPRegen 0.26/turn    (no ring)
MPRegen 0.09/turn

%: no passive effects
@: no status effects
A: permanent stasis, dig shafts and tunnels, antennae 3, four strong arms
a: Dig, Shaft Self, Renounce Religion, Trog's Hand


You were on level 2 of the Dungeon.
You worshipped Trog.
Trog was pleased with you.
You visited 1 branch of the dungeon, and saw 2 of its levels.

You collected 127 gold pieces.

Inventory:

Hand Weapons
 f - a +0 heavy hand axe (weapon)
Armour
 b - a +1 animal skin (worn)
Jewellery
 a - a ring of ice
Scrolls
 e - a scroll of enchant weapon {unknown}
Potions
 c - a potion of lignification


   Skills:
 + Level 4.1 Fighting
 - Level 3.0 Axes
 + Level 3.2 Armour
 + Level 2.6 Dodging


You had 3 spell levels left.
You didn't know any spells.
Your spell library was empty.

Dungeon Overview and Level Annotations

Branches:
Dungeon (2/15)

Altars:


Innate Abilities, Weirdness & Mutations

You cannot be hasted, slowed, berserked, paralysed or teleported.
You can dig through walls and to a lower floor.
You have a pair of large antennae on your head. (SInv)
Your four strong arms can wield two-handed weapons with a shield.


Message History

The adder misses you. The adder bites you.
* * * LOW HITPOINT WARNING * * *
The adder barely misses you.
It was a potion of might.
You feel very mighty all of a sudden. The adder bites you.
* * * LOW HITPOINT WARNING * * *
It was a potion of invisibility.
You fade into invisibility!
The adder barely misses you.
You slash the adder!
You kill the adder!
Trog accepts your kill.
You start resting.
You flicker for a moment.
You start resting.
You flicker back into view.
You start resting.
You feel a little less mighty now.
You start resting.
HP restored.
You start waiting.
You sense a monster nearby.
You start waiting.
An iguana comes into view.
The iguana hisses angrily.
You closely miss the iguana. The iguana bites you. x2
You hit the iguana.
The iguana is lightly wounded.
The iguana bites you! x2
* * * LOW HITPOINT WARNING * * *
You hit the iguana.
The iguana is lightly wounded.
The iguana barely misses you.
You barely miss the iguana.
The iguana is lightly wounded.
The iguana bites you!
* * * LOW HITPOINT WARNING * * *
The iguana bites you.
You die...

# ####....#......# ###.
..#....#......# .
.....###.#...........# ..
.......#†#...........# ..
.......)........###'## ..
......##.####...# #.# ..
..........#####.###.###...
..........................
#######..@l.)##.#######...
#.###.....####### ## #.
#.##........####
................'...
.#...............####
..#####.###.#...###### ..
#. #.##........
###.###.##.##.....
......(.##.)......


You could see an iguana.

Vanquished Creatures
  3 adders (D:2)
  2 bats
  An endoplasm (D:1)
  2 giant cockroaches
  3 goblins
  3 hobgoblins
  3 jackals (D:1)
  2 quokkas (D:1)
  4 ball pythons
  3 frilled lizards (D:1)
  5 kobolds
  4 rats
35 creatures vanquished.

Notes
Turn   | Place    | Note
-------+----------+-------------------------------------------
     0 | D:1      | lonewolfV2 the Formicid Berserker began the quest for the
                  | Orb.
     0 | D:1      | Reached XP level 1. HP: 18/18 MP: 1/1
   224 | D:1      | Reached XP level 2. HP: 12/24 MP: 2/2
   595 | D:1      | Reached XP level 3. HP: 27/30 MP: 3/3
  1009 | D:2      | Reached ** piety under Trog
  1416 | D:2      | Reached skill level 4 in Fighting
  1416 | D:2      | Reached XP level 4. HP: 21/37 MP: 4/4
  1424 | D:2      | HP: 1/37 [adder (2)]
  1578 | D:2      | Slain by an iguana

Illustrated notes

Levels and vault maps discovered:
D:1:      dpeg_arrival_tiny_f, layout_loops_cross
D:2:      layout_basic, serial_bayou_crossing

Skill      XL: |  1  2  3 |
---------------+----------+-----
Dodging        | 2 |  2.6
Armour         | 3 |  3.2
Fighting       | 4 |  4.1
Axes           | |  3.0

Action                     |  1- 3 |  4- 6 || total
---------------------------+-------+-------++-------
  Melee: Hand axe          |    92 |    12 ||   104
    Use: Scroll            |     4 |       ||     4
         Potion            |       |     2 ||     2
 Armour: Animal skin       |    20 |     1 ||    21
  Dodge: Dodged            |    87 |    10 ||    97
